Map: Goldenaura LE

Players

EjercitoSalv

  • Race: Terran Terran
  • League: Platinum
  • Spawn Location: 12:00

Subwayeatn - Winner!

  • Race: Zerg Zerg
  • League: Platinum
  • Spawn Location: 5:00

VOD

Have the link to the VOD?

Description

Time

  • Played on: Nov. 10, 2023, 7:21 p.m.
  • Length: 16:55
Show
View Real Time Build Order
Export as new Build Order

EjercitoSalv Terran 

Build Orders: Liberator Opening 

Get SALT Encoding   

  12  0:06  SCV  
  13  0:18  SCV  
  14  0:22  Supply Depot  
  14  0:30  SCV  
  15  0:44  SCV  
  15  0:48  Refinery  
  16  0:50  Barracks  
  16  0:54  Refinery  
  16  0:56  SCV  
  17  1:11  SCV  
  18  1:23  SCV  
  19  1:35  SCV  
  20  1:41  Barracks Tech Lab, Factory  
  20  1:47  Supply Depot, SCV  
  22  2:02  Marauder  
  22  2:03  Stimpack  
  23  2:09  Orbital Command  
  23  2:25  Marauder  
  23  2:27  Factory Reactor  
  25  2:36  Starport  
  25  2:37  SCV  
  26  2:49  SCV  
  26  2:50  Marauder  
  29  2:53  Supply Depot  
  29  3:01  SCV  
  30  3:13  SCV  
  30  3:16  Marauder  
  33  3:20  Liberator  
  36  3:27  Medivac  
  36  3:34  Supply Depot  
  38  3:35  SCV  
  38  3:40  Supply Depot  
  39  3:55  Fusion Core  
  39  4:15  Marine x2  
  41  4:20  Hellion  
  43  4:26  Supply Depot  
  43  4:32  Marine  
  43  4:33  Marine  
  45  5:06  Battlecruiser  
  46  5:25  Command Center  
  46  5:28  Command Center  
  46  5:33  Weapon Refit  
  44  6:01  Marine x2  
  46  6:18  Battlecruiser  
  52  6:19  Marine x2  
  54  6:36  Marine x2  
  54  6:39  Orbital Command  
  50  6:44  Engineering Bay  
  50  6:54  Marine x2  
  52  7:12  Refinery, Marine x2  
  54  7:15  Refinery  
  54  7:30  Marine x2  
  56  7:39  Missile Turret  
  56  7:43  Missile Turret x2  
  58  7:44  Missile Turret x2, Widow Mine  
  58  7:46  Missile Turret  
  58  7:48  Planetary Fortress  
  55  8:13  Factory Tech Lab  
  55  8:15  Factory  
  55  8:26  SCV  
  56  8:34  SCV  
  55  8:39  SCV  
  56  8:46  SCV  
  54  8:51  SCV  
  55  9:03  SCV  
  56  9:10  Cyclone  
  56  9:13  Factory Tech Lab  
  56  9:15  SCV  
  56  9:16  Armory  
  59  9:19  Missile Turret  
  59  9:21  Missile Turret  
  59  9:22  SCV  
  59  9:23  SCV  
  61  9:27  SCV  
  61  9:28  Hurricane Engines  
  62  9:35  SCV x2  
  64  9:39  SCV  
  64  9:42  Cyclone  
  67  9:47  Cyclone, SCV  
  67  9:51  SCV  
  71  9:55  Missile Turret  
  71  10:03  SCV  
  72  10:14  Cyclone  
  72  10:15  SCV  
  72  10:19  Widow Mine  
  68  10:41  Widow Mine  
  64  10:44  Battlecruiser  
  64  10:45  Terran Vehicle Weapons Level 1  
  64  10:46  Terran Infantry Weapons Level 1  
  64  10:47  Hellion  
  64  10:48  Command Center  
  72  10:50  Armory  
  72  11:02  Hellion  
  74  11:08  Widow Mine  
  76  11:11  Infernal Pre-Igniter  
  76  11:12  Drilling Claws  
  76  11:24  Widow Mine  
  78  11:29  Widow Mine  
  80  11:35  Factory  
  80  11:45  Widow Mine  
  82  11:51  Widow Mine  
  84  11:55  Battlecruiser  
  84  12:00  Orbital Command  
  90  12:06  Widow Mine  
  92  12:11  Command Center  
  92  12:12  Hellion  
  92  12:15  Terran Ship Weapons Level 1  
  94  12:28  Hellion  
  94  12:29  Widow Mine  
  98  12:34  Hellion  
  99  12:43  Terran Infantry Weapons Level 2  
  99  12:49  Hellion  
  99  12:51  Widow Mine  
  99  12:55  Widow Mine  
  99  13:02  Terran Vehicle Weapons Level 2  
  93  13:11  Widow Mine  
  93  13:12  Widow Mine  
  97  13:16  Widow Mine  
  97  13:18  Armory  
  99  13:32  Widow Mine  
  99  13:34  Widow Mine  
  99  13:37  Smart Servos  
  99  13:38  Widow Mine  
  101  13:53  Widow Mine  
  101  13:55  Hellion  
  95  13:59  Hellion  
  95  14:01  Planetary Fortress  
  89  14:04  Refinery  
  89  14:08  Terran Vehicle And Ship Armor Level 1  
  89  14:15  Hellion  
  89  14:16  Hellion  
  93  14:20  Cyclone  
  81  14:35  Missile Turret  
  81  14:36  Cyclone  
  81  14:37  Cyclone  
  85  14:48  Factory  
  85  14:52  Factory  
  87  14:53  Hellion  
  87  14:55  Missile Turret  
  83  15:08  Hellion  
  89  15:14  Hellion  
  89  15:16  Missile Turret  
  75  15:29  Starport x2  
  75  15:30  Hellion  
  75  15:32  Factory Reactor  
  77  15:36  Missile Turret  
  77  15:40  SCV  
  74  15:44  Refinery  
  76  15:50  Hellion x3  
  76  15:51  Hellion, Liberator  
  76  15:52  SCV  
  78  16:00  Missile Turret x2  
  78  16:02  Missile Turret  
  78  16:04  Missile Turret, SCV  
  78  16:05  Missile Turret  
  81  16:11  Hellion x3  
  81  16:12  Hellion  
  87  16:33  Hellion  
  90  16:53  Command Center  
Show
View Real Time Build Order
Export as new Build Order

Subwayeatn Zerg - Winner!

Build Orders: Hatch First, Brood Lord Corruptor 

Get SALT Encoding   

  12  0:00  Drone  
  13  0:12  Overlord  
  13  0:17  Drone  
  14  0:30  Drone x2  
  16  0:50  Hatchery  
  16  0:55  Drone  
  16  0:56  Drone  
  17  0:59  Drone  
  17  1:02  Extractor  
  17  1:17  Spawning Pool  
  16  1:19  Drone  
  16  1:23  Drone  
  18  1:28  Drone  
  19  1:38  Drone  
  20  1:50  Overlord  
  20  2:06  Queen x2  
  20  2:08  Zergling x4  
  26  2:12  Drone  
  26  2:13  Drone  
  28  2:17  Metabolic Boost  
  28  2:21  Drone  
  29  2:24  Drone  
  30  2:32  Drone  
  30  2:34  Drone  
  32  2:42  Drone  
  33  2:48  Queen  
  35  2:53  Overlord  
  35  3:10  Drone  
  35  3:11  Queen  
  38  3:14  Extractor  
  38  3:16  Drone x4  
  38  3:17  Extractor  
  40  3:22  Overlord  
  40  3:26  Queen  
  42  3:35  Zergling x2  
  42  3:39  Drone  
  45  3:41  Drone x3  
  45  3:47  Lair  
  47  3:53  Drone x5  
  52  4:06  Hatchery  
  51  4:14  Drone  
  51  4:16  Overlord  
  52  4:18  Overlord  
  52  4:20  Overlord  
  52  4:33  Queen  
  52  4:34  Drone x2  
  56  4:40  Drone x2  
  58  4:47  Evolution Chamber  
  58  4:49  Evolution Chamber  
  58  4:51  Zergling x10  
  52  5:06  Zergling x10  
  50  5:13  Queen  
  51  5:20  Zerg Melee Weapons Level 1  
  51  5:21  Zerg Ground Armor Level 1  
  51  5:29  Drone  
  51  5:30  Drone x3  
  51  5:35  Drone x4  
  57  5:36  Spire  
  57  5:48  Queen  
  57  6:07  Drone  
  57  6:08  Drone  
  59  6:11  Extractor  
  59  6:16  Queen x2  
  62  6:22  Spore Crawler  
  62  6:24  Pneumatized Carapace  
  59  6:27  Drone  
  59  6:28  Drone x2, Spore Crawler  
  59  6:29  Drone, Spore Crawler  
  61  6:40  Overlord  
  61  6:41  Overlord  
  61  6:49  Mutalisk x5  
  61  6:52  Queen  
  73  6:56  Mutalisk, Hatchery  
  73  6:59  Overlord x2  
  72  7:01  Mutalisk  
  74  7:18  Corruptor x3  
  78  7:39  Drone x2  
  78  7:41  Zerg Flyer Weapons Level 1  
  78  7:42  Overlord x2  
  80  7:49  Drone x3  
  80  7:50  Drone x5  
  84  8:14  Zerg Melee Weapons Level 2  
  84  8:15  Zerg Ground Armor Level 2  
  84  8:18  Queen  
  84  8:19  Drone x6  
  92  8:24  Hatchery  
  91  8:29  Queen  
  91  8:32  Drone  
  94  8:50  Zergling x2  
  94  8:52  Zergling x2  
  96  8:56  Corruptor x5  
  106  9:08  Zergling x2  
  106  9:09  Zergling x14  
  114  9:17  Extractor  
  114  9:20  Extractor  
  114  9:22  Baneling Nest  
  111  9:27  Drone  
  111  9:28  Drone x2  
  112  9:50  Drone x7  
  119  9:59  Infestation Pit  
  118  10:04  Drone  
  118  10:05  Spine Crawler  
  118  10:06  Drone x2, Spine Crawler  
  119  10:07  Overlord x4  
  119  10:08  Overlord  
  119  10:12  Baneling  
  119  10:15  Overlord  
  109  10:41  Zerg Flyer Weapons Level 2  
  107  10:43  Hive  
  107  10:46  Centrifugal Hooks  
  107  10:48  Overlord  
  107  10:49  Overlord  
  107  10:53  Overlord  
  107  11:06  Queen  
  107  11:07  Drone x13  
  107  11:08  Drone x4  
  126  11:11  Extractor  
  126  11:13  Overlord x2  
  126  11:14  Overlord, Spine Crawler  
  126  11:17  Spine Crawler  
  119  11:27  Overseer  
  119  11:28  Overseer  
  119  11:29  Overseer  
  119  11:40  Zergling x2  
  119  11:41  Zergling x20  
  130  11:48  Extractor  
  130  11:50  Zergling x2  
  130  11:56  Extractor  
  130  11:57  Hatchery  
  130  11:59  Viper x5  
  130  12:00  Extractor  
  142  12:08  Corruptor x4  
  142  12:09  Corruptor  
  142  12:12  Zergling x2  
  142  12:13  Zergling x12  
  142  12:15  Baneling  
  159  12:16  Baneling x11  
  150  13:03  Zergling x2  
  147  13:12  Greater Spire  
  147  13:14  Zerg Melee Weapons Level 3  
  147  13:15  Adrenal Glands  
  147  13:18  Mutalisk x3  
  147  13:19  Mutalisk x5  
  163  13:33  Zergling x2  
  163  13:34  Zergling x2  
  163  13:35  Zergling x4  
  163  13:37  Zergling x2  
  163  13:38  Queen  
  163  13:40  Drone x3  
  163  13:41  Drone x10  
  177  14:06  Ultralisk Cavern  
  176  14:18  Drone x2  
  176  14:19  Spine Crawler  
  166  14:30  Spore Crawler  
  163  14:38  Brood Lord x3  
  163  14:39  Brood Lord x3  
  163  14:41  Overlord x5  
  163  14:42  Overlord x2  
  163  14:43  Overseer  
  172  14:50  Corruptor  
  174  15:05  Corruptor x4  
  174  15:06  Corruptor x2  
  186  15:08  Ultralisk x2  
  194  15:17  Ultralisk  
  193  15:34  Chitinous Plating  
  193  15:45  Overseer, Spore Crawler  
  193  15:47  Overseer  
  193  15:48  Overseer  
  192  15:50  Overseer  
  192  15:58  Ultralisk  
  198  16:05  Spine Crawler  
  198  16:06  Spine Crawler  
  198  16:08  Spine Crawler, Spore Crawler  
  198  16:09  Drone x6, Spore Crawler  
  198  16:10  Drone  
  194  16:29  Drone x7, Spine Crawler  
  194  16:30  Spine Crawler  
  199  16:41  Overseer x2  
  199  16:42  Overseer  
  199  16:43  Overseer  
Tags
 
Add a new tag
Caveats
  • Supply blocks, unpowered buildings, or Contaminate may cause inaccurate times.
  • Supply counts are checked every 10 seconds.